 Dungeon Crawl Stone Soup version 0.31-a0-986-g5e6e4ef867 (webtiles) character file.

Game seed: 11185689374073557983

98 monsoonserge the Changeling (level 4, -5/28 HPs)
             Began as an Octopode Shapeshifter on Nov 19, 2023.
             Slain by a gnoll
             ... wielding a +0 halberd
             ... led by a gnoll bouda
              (11 damage)
             ... on level 3 of the Dungeon.
             The game lasted 00:03:58 (1813 turns).

monsoonserge the Changeling (Octopode Shapeshifter) Turns: 1813, Time: 00:03:59

Health: -5/28      AC:  1    Str: 15    XL:     4   Next: 71%
Magic:  4/4        EV: 11    Int: 12    God:
Gold:   129        SH:  7    Dex: 11    Spells: 3/3 levels left

rFire   + .          .
                       - Unarmed
rCold   + . .        u - +0 kite shield
rNeg    . . .        (helmet currently unavailable)
rPois   +            (no amulet)
rElec   +            (no ring)
rCorr   +            (no ring)
SInv    .            (no ring)
Will    .....        (no ring)
Stlth   ++           (no ring)
HPRegen 0.24/turn    (no ring)
MPRegen 0.09/turn    (no ring)
                     (no ring)

%: no passive effects
@: beast-form, resistant, weakened
A: beast (slay +2), almost no armour, amphibious, 8 rings, camouflage 1,
gelatinous body 1, (nimble swimmer 1), tentacles
a: Begin Untransformation


You were on level 3 of the Dungeon.
You were a hulking beast.
You visited 1 branch of the dungeon, and saw 3 of its levels.

You collected 129 gold pieces.

Inventory:

Hand Weapons
 e - a +2 heavy sling
Missiles
 f - 9 poisoned darts (quivered)
 r - a throwing net
Armour
 s - a +2 hat
 u - a +0 kite shield (worn)
Jewellery
 g - a ring of ice
Talismans
 b - a beast talisman
 c - a flux talisman
Wands
 t - a wand of paralysis (11)
Scrolls
 d - a scroll of amnesia {unknown}
 i - 2 scrolls of identify {unknown}
 j - a scroll of brand weapon {unknown}
 m - a scroll of butterflies {unknown}
 n - a scroll of fog {unknown}
 o - a scroll of immolation {unknown}
 p - a scroll of blinking {unknown}
 q - a scroll of torment {unknown}
Potions
 a - a potion of lignification
 k - a potion of berserk rage {unknown}
 l - a potion of might {unknown}
 v - a potion of heal wounds {unknown}


   Skills:
 + Level 1.0 Fighting
 + Level 2.3 Dodging
 - Level 1.0 Stealth
 + Level 3.0 Unarmed Combat
 * Level 0.2 Evocations
 * Level 4.7 Shapeshifting


You had 3 spell levels left.
You didn't know any spells.
Your spell library contained the following spells:

 Spells                   Type           Power      Damage    Failure   Level
 Apportation              Tloc           0%         N/A       77%         1
 Necrotise                Necr           0%         1d4       77%         1
 Summon Small Mammal      Summ           0%         N/A       77%         1


Dungeon Overview and Level Annotations

Branches:
Dungeon (3/15)

Altars:
Trog


Innate Abilities, Weirdness & Mutations

You are a hulking beast.
Your limbs bulge with bestial killing power. (Slay +2)
You cannot wear most types of armour.
You are amphibious.
You can wear up to eight rings at the same time.
Your skin changes colour to match your surroundings (Stealth+).
Your rubbery body absorbs attacks. (AC +1, EV +1)
((You are camouflaged when in or above water. (Stealth+)))
You have tentacles for arms and can constrict up to eight enemies at once.


Message History

You block the gnoll's attack.
The gnoll is no longer moving quickly.
The gnoll attacks as it pursues you! The gnoll closely misses you.
You see here 7 gold pieces.
There is an escape hatch in the ceiling here.
A mysterious force pulls you upwards. The hatch slams shut behind you.
There is a stone staircase leading down here.
You start resting.
HP restored.
You climb downwards.
There is a stone staircase leading up here.
A gnoll bouda is nearby!
The gnoll bouda gazes fiercely through you!
You feel your attacks grow feeble.
You closely miss the gnoll bouda. You grab the gnoll bouda.
You constrict the gnoll bouda.
The gnoll bouda hits you with a +0 club!
The gnoll bouda gazes fiercely through you!
You feel as though you will be weak longer.
The gnoll bouda hits you with a +0 club!
* * * LOW HITPOINT WARNING * * *
Aiming: Paralyse
Press: ? - help, Shift-Dir - straight line, f - gnoll bouda
Aim: a gnoll bouda, wielding a +0 club and wearing a +0 robe (lightly wounded, constricted by you, chance to affect: 49%)
The gnoll bouda resists with some effort.
The gnoll shouts!
You constrict the gnoll bouda.
The gnoll bouda barks out a call to the hunt!
The gnolls pick up the pace!
Aiming: Paralyse
Press: ? - help, Shift-Dir - straight line, f/p - gnoll bouda
Aim: a gnoll bouda, wielding a +0 club and wearing a +0 robe (lightly wounded, constricted by you, chance to affect: 49%)
The gnoll bouda resists with some effort.
You constrict the gnoll bouda, but do no damage.
The gnoll bouda misses you. You block the gnoll's attack.
It was a potion of resistance.
You feel protected.
You constrict the gnoll bouda.
The gnoll hits you from afar with a +0 halberd!
You die...

#.......########## #
#................# ..
##)....#.........# ##.#
#....÷...........##...#
##########...................####
#...........................>....
#.........#.....#.........#######
#.<.............#)g.......#######
#.....<...#.....hggg....†.....gg.
#...............#Kg.g...g.#######
#.........#####.........########
########### #..#.###.........#
##...# #<..#####.# ##.## #...## .
#.# ###..## #. ..# #...# .#.
#...##


You could see a gnoll bouda, 5 gnolls and a kobold.

Vanquished Creatures
  A gnoll (D:1)
  3 adders
  2 worms
  2 dart slugs (D:1)
  4 ball pythons
  2 bats
  9 endoplasms
  6 giant cockroaches
  4 goblins
  2 hobgoblins
  2 jackals (D:1)
  2 kobolds
  A quokka (D:2)
  5 frilled lizards
  5 rats
50 creatures vanquished.

Notes
Turn   | Place    | Note
-------+----------+-------------------------------------------
     0 | D:1      | monsoonserge the Octopode Shapeshifter began the quest for
                  | the Orb.
     0 | D:1      | Reached XP level 1. HP: 13/13 MP: 1/1
     1 | D:1      | Found a runed translucent door.
    50 | D:1      | Reached XP level 2. HP: 6/18 MP: 2/2
   293 | D:1      | Reached XP level 3. HP: 18/23 MP: 3/3
   396 | D:1      | Reached skill level 4 in Shapeshifting
   774 | D:1      | Reached skill level 1 in Stealth
   956 | D:2      | Reached XP level 4. HP: 25/28 MP: 4/4
  1687 | D:3      | Found a bloodstained altar of Trog.
  1813 | D:3      | Slain by a gnoll

Illustrated notes

Levels and vault maps discovered:
D:1:      dpeg_arrival_caged_fury, layout_basic, chequers_hall_statues_wall_a
D:2:      layout_loops_ring
D:3:      layout_rooms, mainiacjoe_overflow_boulevard,
          mainiacjoe_overflow_alcove_1

Skill      XL: |  1  2  3 |
---------------+----------+-----
Shapeshifting  | 4 |  4.7
Stealth        | 1 |  1.0
Fighting       | |  1.0
Dodging        | |  2.3
Unarmed Combat | |  3.0
Evocations     | |  0.2

Action                     |  1- 3 |  4- 6 || total
---------------------------+-------+-------++-------
  Melee: Unarmed           |    70 |    24 ||    94
         Constrict         |    16 |     9 ||    25
         Tentacles         |    11 |     6 ||    17
         Punch             |     1 |       ||     1
  Evoke: Wand              |       |     2 ||     2
    Use: Potion            |       |     1 ||     1
   Stab: Sleeping          |     5 |     2 ||     7
 Armour: Skin              |    19 |    16 ||    35
  Dodge: Dodged            |    25 |    25 ||    50
  Block: Kite shield       |       |     8 ||     8

Table legend: (Time is in decaauts)
 A = Elapsed time spent in this place.
 B = Non-inter-level travel time spent in this place.
 C = Inter-level travel time spent in this place.
 D = Time resting spent in this place.
 E = Time spent auto-exploring this place.
 F = Levels seen in this place.
 G = Mean time per level.
                   A        B        C        D        E       F      G
               +--------+--------+--------+--------+--------+-----+--------+
         Total |   1806 |   1699 |    107 |    110 |   1026 |   3 |  602.0 |
       Dungeon |   1806 |   1699 |    107 |    110 |   1026 |   3 |  602.0 |
               +--------+--------+--------+--------+--------+-----+--------+

Top non-repeatable levels by time:
     D:1: 841 daAuts
     D:2: 808 daAuts
     D:3: 156 daAuts
